 Dungeon Crawl Stone Soup version 0.17-a0-1230-g8afc29e (webtiles) character file.

3479 MonkeyBuisness the Grappler (level 9, 0/133 HPs)
             Began as a Troll Berserker on June 5, 2015.
             Was a High Priest of Trog.
             Slain by an ice beast (10 damage)
             ... on level 8 of the Dungeon.
             The game lasted 00:17:51 (6793 turns).

MonkeyBuisness the Grappler (Troll Berserker)       Turns: 6793, Time: 00:17:51

Health: 0/133      AC:  5    Str: 35    XL:     9   Next: 79%
Magic:  8/8        EV: 11    Int:  3    God:    Trog [*****.]
Gold:   521        SH:  0    Dex:  9    Spells: 0 memorised, 8 levels left

rFire  . . .     SeeInvis .       - Unarmed
rCold  . . .     Clarity  .     a - +0 animal skin
rNeg   . . .     SustAt   .     (no shield)
rPois  .         Gourm    +     (helmet restricted)
rElec  .         Spirit   .     (no cloak)
rCorr  .         Warding  .     (gloves unavailable)
rMut   .         Stasis   .     (boots unavailable)
MR     .....                    (no amulet)
Stlth  ..........               (no ring)
                                (no ring)

@: berserking, drained, very quick, not resistant to hostile enchantments,
extremely unstealthy
A: unfitting armour, claws 3, fast metabolism 3, gourmand, regeneration 2,
shaggy fur 1, tough skin 2
a: Burn Spellbooks, Berserk, Trog's Hand, Brothers in Arms, Renounce Religion


You were on level 8 of the Dungeon.
You worshipped Trog.
Trog was extremely pleased with you.
You were full.

You visited 1 branch of the dungeon, and saw 8 of its levels.
You also visited: Ossuary.

You collected 521 gold pieces.

Inventory:

Armour
 a - a +0 animal skin (worn)
Jewellery
 f - an uncursed ring of see invisible {unknown}
   (You found it on level 6 of the Dungeon)
 m - a +2 ring of intelligence {unknown}
   (You found it on level 2 of the Dungeon)
 G - an uncursed ring of poison resistance {unknown}
   (You found it on level 7 of the Dungeon)
Magical devices
 D - a wand of frost (28)
   (You found it on level 5 of the Dungeon)
 E - a wand of disintegration (7)
   (You found it on level 7 of the Dungeon)
 H - a wand of paralysis (13)
   (You found it on level 8 of the Dungeon)
Scrolls
 c - 2 scrolls of noise {unknown}
 d - a scroll of amnesia {unknown}
 e - a scroll of blinking {unknown}
 h - 5 scrolls of identify {unknown}
 j - 2 scrolls of teleportation {unknown}
 k - 3 scrolls of remove curse {unknown}
 n - 2 scrolls of enchant armour {unknown}
 q - 3 scrolls of random uselessness {unknown}
 s - 3 scrolls of magic mapping {unknown}
 v - a scroll of enchant weapon {unknown}
 x - a scroll of recharging {unknown}
 y - 3 scrolls of fear {unknown}
 z - 2 scrolls of fog {unknown}
Potions
 g - a potion of might {unknown}
 i - 7 potions of curing {unknown}
 l - a potion of flight {unknown}
 o - 2 potions of heal wounds {unknown}
 p - 3 potions of agility {unknown}
 t - a potion of magic {unknown}
 u - a potion of brilliance {unknown}
 w - 4 potions of resistance {unknown}
 A - 3 potions of lignification {unknown}
 F - a potion of beneficial mutation {unknown}
Books
 r - a book of the Dragon
   (You found it on level 5 of the Dungeon)
Comestibles
 b - 4 bread rations {@e1}
 B - 3 meat rations {@e2}
 C - a beef jerky


   Skills:
 + Level 6.2(5.5) Fighting
 + Level 6.5(5.8) Dodging
 * Level 10.3(9.6) Unarmed Combat


You had 8 spell levels left.
You didn't know any spells.

Dungeon Overview and Level Annotations

Branches:
Dungeon (8/15)             Temple (0/1) D:4            Lair (0/8) D:8

Altars:
Ashenzari
Dithmenos
Fedhas
Gozag
Makhleb
Qazlal
Vehumet

Annotations:
D:7 2 exclusions


Innate Abilities, Weirdness & Mutations

You are too large for most types of armour.
You have claws for hands.
Your metabolism is lightning-fast.
You like to eat raw meat.
You heal very quickly.
You are covered in fur (AC +1).
You have very tough skin (AC +2).


Message History

Eating one of 2 chunks of flesh {@w0}.
This raw flesh tastes great.
You continue eating. x2
You regained 2 hp, and now have 65/89 hp.
Eating a chunk of flesh {@w0}.
This raw flesh tastes great.
You continue eating. x2
Found a stone staircase leading up.
You regained 4 hp, and now have 69/89 hp.
You now have 500 gold pieces (gained 15).
You now have 507 gold pieces (gained 7).
H - a wand of paralysis You regained 12 hp, and now have 81/89 hp.
You now have 521 gold pieces (gained 14).
i - 7 red potions (gained 1)
Found a stone staircase leading down.
Health restored: 89
s - 3 scrolls labeled XEDOTW NOUFE (gained 1)
A blink frog comes into view.
The blink frog croaks.
An ice beast comes into view.
There are monsters nearby!
A quokka and a giant frog come into view.
The giant frog gives a loud, deep croak!
Found a staircase to the Lair.
A river rat, a hell rat and a quokka come into view. 2 rats come into view.
The hell rat roars!
The blink frog blinks! 3 rats and a giant frog come into view.
A hell rat comes into view.
The giant frog closely misses you.
The blink frog blinks!
The ice beast hits you. The ice beast freezes you!
A hound comes into view.
You take 11 damage, and have 78/89 hp.
The hound barks!
You claw the ice beast! The giant frog hits you. The giant frog hits you.
You take 9 damage, and have 69/89 hp.
A red film seems to cover your vision as you go berserk!
You feel yourself moving faster!
You feel mighty!
You feel quite a bit less full. The ice beast hits you.
The ice beast freezes you! The quokka closely misses you.
The giant frog hits you.
You now have 85/133 hp.
You are too injured to fight recklessly!
You are too injured to fight recklessly!
You are too injured to fight recklessly!
You are too injured to fight recklessly!
You are too injured to fight recklessly!
You are too injured to fight recklessly!
You are too injured to fight recklessly!
You scratch the quokka.
The quokka begins to bleed from its wounds!
The giant frog closely misses you. The ice beast barely misses you.
The quokka bites you.
The hell rat twitches its whiskers.
You claw the quokka!
You feel the power of Trog in you as your rage grows.
You kill the quokka!
Trog accepts your kill. The ice beast hits you. The ice beast freezes you.
You take 10 damage, and have 75/133 hp.
You miss the giant frog. The hell rat bites you!
You feel drained. The giant frog hits you.
You take 18 damage, and have 57/133 hp.
You claw the giant frog!
The giant frog begins to bleed from its wounds!
The giant frog closely misses you. The blink frog hits you!
The river rat misses you. The hell rat bites you!
* * * LOW HITPOINT WARNING * * *
You feel drained.
The ice beast hits you but does no damage.
The giant frog hits you.
* * * LOW HITPOINT WARNING * * *
You take 34 damage, and have 23/133 hp.
MASSIVE DAMAGE!!
You claw the giant frog!
You kill the giant frog!
Trog accepts your kill. The rat closely misses you. The blink frog hits you.
* * * LOW HITPOINT WARNING * * *
The blink frog blinks!
The hell rat barely misses you. The giant frog closely misses you.
You take 3 damage, and have 20/133 hp.
You scratch the hound.
The hound begins to bleed from its wounds!
The river rat bites you.
* * * LOW HITPOINT WARNING * * *
The ice beast hits you but does no damage.
The blink frog blinks!
The hound bites you but does no damage. The rat bites you.
* * * LOW HITPOINT WARNING * * *
A phantom comes into view.
You take 6 damage, and have 14/133 hp.
You closely miss the hound. The giant frog barely misses you.
The hell rat misses you. The hound bites you.
* * * LOW HITPOINT WARNING * * *
The ice beast hits you.
* * * LOW HITPOINT WARNING * * *
The ice beast freezes you!
You die...

.. ###..###.#..# #.#.
.. #...##....# ..##
##......# .## #
##.#...# # #. #.#...#
#.> ##.####
#.#...##....
F[ยง...r##...........
.....rrr............
.....rr@F.##.....##.
.....rYh####.....#
W.....rr# #.#...#
......... ####.##
..>....## .# .......
.# ....... .......


You could see a phantom, a blink frog, an ice beast, a giant frog, 2 hell rats,
a hound (bleeding), a river rat, a quokka and 5 rats.

Vanquished Creatures
  A hill giant (D:7)
  The ghost of Quirk the Covered, an experienced GrFi of Qazlal (D:6)
  Sigmund (D:5)
  A hippogriff (D:8)
  An orc warrior (D:7)
  An ice beast (D:5)
  3 ogres (D:5)
  The ghost of Goodini51 the Covered, an average GrFi (D:3)
  A centaur (D:5)
  4 giant frogs
  Blork the orc (D:5)
  4 scorpions
  5 wights (D:6)
  A centaur zombie (D:5)
  An electric eel (D:6)
  A crimson imp (D:5)
  2 hounds
  A centaur skeleton (D:4)
  A giant frog skeleton (D:5)
  An iguana (D:6)
  2 orc priests
  3 orc wizards
  7 worker ants
  A big kobold zombie (Ossuary)
  2 hound skeletons
  8 mummies (Ossuary)
  A worker ant zombie (D:7)
  3 adders
  18 gnolls
  An adder skeleton (D:5)
  4 worms
  5 giant geckos
  21 orcs
  11 bats
  2 bat zombies
  7 giant cockroaches
  2 gnoll zombies (Ossuary)
  16 goblins
  14 hobgoblins
  6 jackals
  A ball python (D:1)
  A giant gecko skeleton (D:5)
  5 giant newts
  2 hobgoblin zombies (Ossuary)
  A jackal zombie (D:5)
  20 kobolds
  2 kobold zombies (Ossuary)
  An orc zombie (Ossuary)
  4 quokkas
  A quokka skeleton (D:6)
  11 rats
216 creatures vanquished.

Notes
Turn   | Place    | Note
--------------------------------------------------------------
     0 | D:1      | MonkeyBuisness the Troll Berserker began the quest for the Orb.
     0 | D:1      | Reached XP level 1. HP: 22/22 MP: 0/0
   112 | D:1      | Reached XP level 2. HP: 29/29 MP: 1/1
   866 | D:2      | Found an opulent altar of Gozag.
   904 | D:2      | Acquired Trog's second power
  1066 | D:2      | Reached XP level 3. HP: 34/36 MP: 2/2
  1483 | D:2      | Reached skill level 3 in Dodging
  1486 | D:2      | Reached skill level 4 in Unarmed Combat
  1486 | D:2      | Reached XP level 4. HP: 23/44 MP: 3/3
  1488 | D:2      | HP: 7/66 [gnoll/flail (13)]
  1707 | D:3      | Found a stormy altar of Qazlal.
  1716 | D:3      | Found a blossoming altar of Fedhas.
  1725 | D:3      | Noticed Goodini51's ghost (average GrFi)
  1732 | D:3      | Killed Goodini51's ghost
  1732 | D:3      | Reached skill level 3 in Fighting
  1732 | D:3      | Reached XP level 5. HP: 53/53 MP: 4/4
  2154 | D:3      | Found a shadowy altar of Dithmenos.
  2685 | D:4      | Found a staircase to the Ecumenical Temple.
  2729 | D:4      | Found a sand-covered staircase.
  2735 | Ossuary  | Entered an ossuary
  2765 | Ossuary  | Reached skill level 5 in Unarmed Combat
  2770 | Ossuary  | Reached XP level 6. HP: 61/61 MP: 5/5
  3495 | D:4      | Reached skill level 4 in Dodging
  3880 | D:5      | Entered Level 5 of the Dungeon
  3882 | D:5      | Noticed Sigmund
  3893 | D:5      | Killed Sigmund
  3893 | D:5      | Reached skill level 6 in Unarmed Combat
  3893 | D:5      | Reached XP level 7. HP: 68/68 MP: 6/6
  3917 | D:5      | Noticed Blork the orc
  3926 | D:5      | Killed Blork the orc
  3926 | D:5      | Reached skill level 4 in Fighting
  4055 | D:5      | Reached skill level 7 in Unarmed Combat
  4088 | D:5      | Acquired Trog's third power
  4089 | D:5      | Reached XP level 8. HP: 65/79 MP: 7/7
  4299 | D:5      | Reached skill level 5 in Dodging
  4479 | D:5      | Found a burning altar of Makhleb.
  4480 | D:5      | Found a radiant altar of Vehumet.
  4484 | D:5      | Reached skill level 8 in Unarmed Combat
  4753 | D:6      | Reached skill level 5 in Fighting
  5157 | D:6      | Found a shattered altar of Ashenzari.
  5168 | D:6      | Reached XP level 9. HP: 82/88 MP: 8/8
  5255 | D:6      | Found a shattered altar of Ashenzari.
  5427 | D:6      | Noticed Quirk's ghost (experienced GrFi)
  5436 | D:6      | Killed Quirk's ghost
  5436 | D:6      | Reached skill level 9 in Unarmed Combat
  5900 | D:7      | Noticed a hill giant
  5909 | D:7      | Killed a hill giant
  5909 | D:7      | Reached skill level 6 in Dodging
  6375 | D:7      | Reached skill level 6 in Fighting
  6375 | D:7      | Reached skill level 10 in Unarmed Combat
  6782 | D:8      | Found a staircase to the Lair.
  6790 | D:8      | HP: 29/133 [hell rat (17)]
  6792 | D:8      | HP: 14/133 [rat (1)]
  6793 | D:8      | Slain by an ice beast

Vault maps used:
D:1:      tarquinn_simple_flora_water_a, hangedman_decor_growths
D:2:      lemuel_crystal_altar
D:3:      grunt_temple_overflow_forces_of_nature, first_bread,
          grunt_dithmenos_smoke_and_mirrors
D:4:      temple_fountains, nicolae_ossuary_entry_plus,
          kennysheep_generic_room_13
D:5:      corexii_shantytown, grunt_temple_overflow_lords_of_destruction,
          uniq_blork_the_orc, uniq_sigmund
D:6:      evilmike_ruin_ashenzari, lightli_sewer_entry_pipes, basic_altar,
          minivault_4
D:8:      lemuel_zombie_altar_yredelemnul, lemuel_mausoleum_altar_kikubaaqudgha,
          dpeg_lair_monsters, uniq_pikel, uniq_erica
Ossuary:  ossuary_tomb_3

Action                   |  1- 3 |  4- 6 |  7- 9 || total
-------------------------+-------+-------+-------++-------
Melee: Unarmed           |    92 |   136 |   337 ||   565
Invok: Berserk           |     1 |     4 |     5 ||    10
 Stab: Sleeping          |       |     1 |       ||     1
  Eat: Bread ration      |     2 |     4 |       ||     6
       Fruit             |     2 |     4 |       ||     6
       Chunk             |       |    12 |    30 ||    42
       Meat ration       |       |     1 |       ||     1

Vault maps used:
D:1:      tarquinn_simple_flora_water_a, hangedman_decor_growths
D:2:      lemuel_crystal_altar
D:3:      grunt_temple_overflow_forces_of_nature, first_bread,
          grunt_dithmenos_smoke_and_mirrors
D:4:      temple_fountains, nicolae_ossuary_entry_plus,
          kennysheep_generic_room_13
D:5:      corexii_shantytown, grunt_temple_overflow_lords_of_destruction,
          uniq_blork_the_orc, uniq_sigmund
D:6:      evilmike_ruin_ashenzari, lightli_sewer_entry_pipes, basic_altar,
          minivault_4
D:8:      lemuel_zombie_altar_yredelemnul, lemuel_mausoleum_altar_kikubaaqudgha,
          dpeg_lair_monsters, uniq_pikel, uniq_erica
Ossuary:  ossuary_tomb_3

Table legend:
 A = Turns spent in this place as a percentage of turns spent in the entire game.
 B = Non-inter-level travel turns spent in this place as a percentage of non-inter-level travel turns spent in the entire game.
 C = Inter-level travel turns spent in this place as a percentage of turns spent in this place.
 D = Turns resting spent in this place as a percentage of non-inter-level travel turns spent in this place.
 E = Turns spent auto-exploring this place as a percentage of non-inter-level travel turns spent in this place.
 F = Non-inter-level travel turns spent in this place divided by the number of levels of this place that you've seen.
                   A       B       C       D       E      F
               +-------+-------+-------+-------+-------+----------------------
         Total | 100.0 | 100.0 |   0.5 |   3.2 |  14.9 | 183.0
       Dungeon |  93.2 |  93.1 |   0.6 |   3.2 |  15.1 | 191.8
       Ossuary |   6.8 |   6.9 |   0.0 |   2.7 |  12.4 | 113.0
               +-------+-------+-------+-------+-------+----------------------

Table legend:
 A = Kills in this place as a percentage of kills in entire the game.
 B = Kills by you in this place as a percentage of kills by you in the entire game.
 C = Kills by friends in this place as a percentage of kills by friends in the entire game.
 D = Other kills in this place as a percentage of other kills in the entire game.
 E = Experience gained in this place as a percentage of experience gained in the entire game.
 F = Experience gained in this place divided by the number of levels of this place that you have seen.
                   A       B       C       D       E      F
               +-------+-------+-------+-------+-------+----------------------
         Total | 100.0 | 100.0 |  -nan |  -nan | 100.0 | 552.3
       Dungeon |  92.6 |  92.6 |  -nan |  -nan |  96.3 | 598.2
       Ossuary |   7.4 |   7.4 |  -nan |  -nan |   3.7 | 185.0
               +-------+-------+-------+-------+-------+----------------------
